Map: Berlingrad LE

Players

SpeCial

  • Race: Terran Terran
  • League: Master

maru - Winner!

  • Race: Terran Terran

Event: TSL 8

VOD

Have the link to the VOD?

Description

Time

  • Played on: Dec. 5, 2021, 10:57 a.m.
  • Length: 19:24

All games in this series

Show
View Real Time Build Order
Export as new Build Order

SpeCial Terran 

Build Orders: Gas First Reaper Expand, Mech 

Get SALT Encoding   

  12  0:00  SCV  
  13  0:12  SCV  
  14  0:17  Supply Depot  
  14  0:24  SCV  
  14  0:28  Refinery  
  15  0:38  SCV  
  16  0:44  Barracks  
  16  0:51  SCV  
  17  1:03  SCV  
  18  1:15  SCV  
  19  1:31  Reaper, Orbital Command  
  20  1:40  Command Center  
  20  1:51  Factory  
  20  1:57  SCV  
  21  2:05  Barracks Reactor  
  21  2:09  SCV  
  21  2:14  Supply Depot  
  22  2:22  SCV  
  23  2:23  Refinery  
  23  2:35  SCV  
  23  2:43  Marine x2  
  23  2:44  Factory Tech Lab  
  24  2:47  SCV  
  25  2:56  Orbital Command  
  24  3:00  SCV  
  24  3:01  Marine x2  
  24  3:03  Cyclone  
  29  3:12  SCV  
  30  3:22  SCV  
  30  3:24  SCV  
  30  3:26  Command Center  
  33  3:34  SCV  
  33  3:36  SCV  
  33  3:41  Starport  
  34  3:44  Siege Tank  
  34  3:47  Barracks Tech Lab  
  37  3:49  SCV  
  37  3:50  SCV  
  37  3:55  Refinery  
  39  4:03  SCV x2  
  41  4:15  SCV x2  
  40  4:18  Marine  
  40  4:19  Marine  
  45  4:25  Raven  
  45  4:27  SCV x2  
  45  4:31  Supply Depot  
  46  4:37  Marine x2  
  46  4:38  Siege Tank  
  51  4:39  SCV x2  
  51  4:40  Orbital Command  
  53  4:51  SCV x2  
  55  4:55  Marine x2  
  57  5:03  SCV  
  57  5:04  SCV  
  61  5:16  SCV  
  61  5:19  SCV x2  
  60  5:22  Supply Depot, Engineering Bay  
  60  5:23  Refinery  
  60  5:25  Viking x2  
  60  5:26  Siege Tank  
  60  5:27  Marine  
  60  5:28  SCV  
  69  5:34  Supply Depot  
  69  5:44  SCV  
  69  5:45  Supply Depot  
  69  5:46  Orbital Command  
  69  5:48  SCV  
  70  5:53  Missile Turret  
  70  5:56  SCV  
  71  5:57  Barracks Reactor  
  71  5:59  Factory, Viking x2  
  71  6:00  Factory  
  71  6:01  SCV  
  74  6:08  SCV  
  74  6:10  Siege Tank  
  78  6:13  SCV  
  78  6:16  Missile Turret, SCV  
  80  6:20  SCV  
  80  6:25  SCV  
  82  6:27  Supply Depot  
  82  6:28  Missile Turret, SCV  
  82  6:32  SCV  
  84  6:35  Viking  
  84  6:36  Viking  
  84  6:37  SCV  
  89  6:40  SCV  
  89  6:44  SCV  
  88  6:49  SCV  
  88  6:52  SCV  
  77  6:56  SCV  
  78  7:01  SCV  
  78  7:04  SCV  
  78  7:05  Viking x2  
  78  7:07  Hellion x2  
  88  7:09  Siege Tank x2  
  88  7:11  SCV  
  88  7:13  SCV  
  96  7:16  SCV  
  96  7:17  Refinery x2  
  96  7:21  Armory  
  97  7:25  SCV  
  97  7:26  SCV  
  97  7:27  Sensor Tower  
  97  7:29  SCV  
  100  7:37  SCV  
  101  7:45  Supply Depot  
  101  7:46  Supply Depot  
  101  7:55  Factory  
  101  7:56  Factory  
  101  7:59  SCV  
  101  8:07  Supply Depot, SCV x2, Viking x2, Hellion  
  101  8:08  Hellion, Siege Tank x2  
  101  8:09  Supply Depot  
  101  8:11  Terran Vehicle Weapons Level 1  
  117  8:14  Supply Depot  
  117  8:16  Missile Turret  
  117  8:20  Infernal Pre-Igniter  
  117  8:26  Supply Depot  
  117  8:27  Supply Depot  
  117  8:29  Hellion x2, SCV x3  
  122  8:40  Siege Tank  
  122  8:41  SCV x2, Viking x2  
  125  8:44  Factory Reactor, Factory Tech Lab  
  129  8:50  Hellion  
  129  8:51  Hellion, Command Center  
  129  8:52  Supply Depot  
  129  8:57  Siege Tank  
  128  9:04  Siege Tank  
  131  9:11  Medivac x2  
  131  9:12  Hellion x2  
  131  9:16  Supply Depot  
  139  9:19  Missile Turret, Armory  
  139  9:21  Hellion  
  139  9:22  Hellion  
  143  9:25  Siege Tank  
  146  9:33  Hellion, Siege Tank  
  146  9:34  Supply Depot  
  146  9:35  Supply Depot  
  150  9:39  Hellion  
  150  9:40  SCV  
  150  9:43  Hellion  
  150  9:44  Siege Tank  
  158  9:48  Missile Turret  
  158  9:53  Hellion  
  158  9:54  Hellion  
  158  9:56  Viking x2  
  158  9:57  Siege Tank  
  167  10:09  Hellion x2, Siege Tank  
  167  10:11  Sensor Tower  
  173  10:24  Terran Vehicle Weapons Level 2  
  173  10:29  Hellion x2  
  173  10:31  Terran Vehicle And Ship Armor Level 1  
  173  10:34  Refinery x2  
  177  10:38  Hellion x2  
  181  10:44  Thor  
  187  10:51  Hellion x2  
  187  10:52  Viking x2  
  195  10:59  Hellion  
  195  11:01  Hellion  
  189  11:05  Hellion  
  189  11:09  Hellion x2  
  182  11:15  Thor  
  184  11:22  Viking  
  184  11:23  Thor  
  184  11:25  Hellion  
  189  11:29  Hellion  
  187  11:37  Viking  
  183  11:43  Thor  
  183  11:45  SCV x2  
  189  11:48  Planetary Fortress  
  189  11:51  Command Center x2  
  189  11:52  Viking  
  189  11:53  Command Center  
  180  12:05  Hellion x2  
  176  12:08  Thor  
  176  12:10  Hellion x2  
  176  12:12  Thor  
  190  12:23  Viking  
  190  12:30  Thor  
  190  12:31  Hellion  
  167  12:37  Hellion x2  
  167  12:41  Hellion x2  
  157  12:47  Hellion x4  
  157  12:50  Viking  
  153  12:51  Thor  
  153  12:53  Viking  
  153  12:56  Hellion  
  163  12:58  Hellion  
  163  13:09  Orbital Command x2  
  163  13:10  Factory x2  
  163  13:12  Terran Vehicle And Ship Armor Level 2, Terran Vehicle Weapons Level 3  
  163  13:14  Hellion  
  163  13:16  Hellion  
  165  13:20  Liberator  
  165  13:26  Liberator  
  165  13:27  Hellion  
  167  13:30  Hellion x2  
  167  13:42  Thor  
  167  13:44  Hellion  
  167  13:47  Hellion  
  145  13:50  Hellion  
  145  13:51  Siege Tank x2  
  141  13:58  Factory Tech Lab x2  
  141  13:59  SCV  
  141  14:00  SCV x3  
  145  14:07  Hellion  
  145  14:08  Hellion x2  
  151  14:11  Hellion  
  153  14:19  Hellion, Siege Tank  
  153  14:21  Planetary Fortress  
  158  14:26  Missile Turret, Thor  
  158  14:29  Hellion  
  166  14:36  Refinery  
  166  14:37  Refinery  
  166  14:39  Siege Tank  
  166  14:40  Siege Tank  
  172  14:50  Thor  
  178  14:53  Thor  
  178  14:58  Viking  
  188  15:00  Hellion  
  188  15:01  Hellion  
  190  15:08  Thor  
  190  15:13  Thor  
  200  15:17  Hellion  
  195  15:28  Missile Turret  
  195  15:30  Command Center  
  195  15:39  Thor  
  195  15:40  Hellion  
  195  15:42  Thor  
  174  15:45  Thor  
  157  15:52  Thor  
  157  15:55  Hellion  
  159  15:58  Viking  
  159  16:02  Viking  
  163  16:09  Hellion x3  
  169  16:15  Thor  
  175  16:19  Hellion  
  177  16:28  Liberator  
  177  16:29  Hellion  
  177  16:32  Liberator  
  183  16:33  Thor  
  189  16:47  Thor  
  188  17:03  Thor  
  144  17:09  Hellion  
  144  17:11  Thor x2  
  152  17:22  Thor  
  139  17:24  Hellion  
  139  17:29  Thor  
  133  17:33  Viking  
  133  17:36  Hellion x2  
  133  17:45  Hellion  
  133  17:46  Thor  
  141  17:53  Thor  
  141  17:56  Hellion  
  141  17:57  Hellion  
  141  17:58  Hellion  
  153  18:06  Thor  
  157  18:19  Hellion x2  
  134  18:22  Thor x2  
  134  18:26  Hellion  
  139  18:28  Hellion  
  130  18:34  Hellion  
Show
View Real Time Build Order
Export as new Build Order

maru Terran - Winner!

Build Orders:  

Get SALT Encoding   

  12  0:00  SCV  
  13  0:12  SCV  
  14  0:17  Supply Depot  
  14  0:24  SCV  
  15  0:38  SCV  
  15  0:40  Barracks  
  16  0:43  Refinery  
  16  0:50  SCV  
  16  0:52  Refinery  
  17  1:02  SCV  
  18  1:15  SCV  
  19  1:28  Reaper, Orbital Command  
  20  1:39  Supply Depot  
  20  1:43  Factory  
  20  1:53  SCV  
  21  2:00  Reaper  
  22  2:05  SCV  
  23  2:17  SCV  
  24  2:25  Command Center  
  24  2:29  SCV  
  25  2:36  Barracks Reactor  
  24  2:40  Factory Tech Lab  
  24  2:42  SCV  
  25  2:48  Starport  
  25  2:54  SCV  
  26  3:06  SCV  
  26  3:08  Cyclone  
  26  3:11  Supply Depot  
  30  3:13  Marine  
  31  3:27  Refinery  
  31  3:32  Medivac, SCV, Marine  
  35  3:34  Marine  
  35  3:37  Orbital Command  
  36  3:44  SCV  
  36  3:48  Siege Tank  
  36  3:50  Marine  
  36  3:54  Marine  
  41  3:56  SCV  
  41  4:02  Supply Depot  
  42  4:03  Starport Tech Lab  
  42  4:05  SCV  
  42  4:08  SCV, Marine  
  45  4:12  Marine  
  42  4:17  SCV  
  42  4:21  SCV  
  42  4:24  Raven  
  44  4:25  Marine  
  44  4:30  Marine  
  48  4:32  Cyclone  
  48  4:34  SCV  
  52  4:39  SCV  
  52  4:42  Supply Depot  
  52  4:43  Marine  
  54  4:47  SCV  
  54  4:48  Marine  
  54  4:52  SCV  
  57  4:59  SCV  
  58  5:04  Siege Tank  
  60  5:14  SCV  
  59  5:16  Raven  
  59  5:19  SCV  
  62  5:26  SCV  
  62  5:27  Supply Depot  
  63  5:31  Marine  
  63  5:32  Command Center, Marine  
  65  5:38  Siege Tank  
  65  5:40  SCV  
  69  5:46  SCV  
  69  5:47  Supply Depot  
  70  5:52  SCV  
  70  5:54  Marine  
  70  5:55  Marine  
  73  5:58  SCV  
  73  6:02  Refinery  
  71  6:04  SCV  
  71  6:07  Barracks  
  71  6:08  Barracks  
  71  6:10  SCV  
  73  6:11  Siege Tank  
  73  6:16  SCV  
  77  6:22  SCV  
  77  6:24  Viking x2  
  82  6:28  SCV  
  83  6:33  Marine  
  83  6:34  SCV  
  85  6:40  SCV  
  85  6:44  Siege Tank  
  85  6:46  SCV  
  83  6:51  Marine  
  73  6:55  Viking x2  
  73  6:56  Orbital Command  
  73  6:58  Barracks Tech Lab, Barracks Reactor  
  73  7:00  SCV x2  
  76  7:06  Stimpack  
  76  7:08  Marine  
  76  7:12  SCV x2  
  76  7:14  Engineering Bay x2  
  79  7:16  Siege Tank  
  79  7:19  Combat Shield  
  82  7:24  Marauder, SCV x2  
  82  7:25  SCV  
  82  7:27  Marauder  
  82  7:29  Supply Depot  
  89  7:31  Viking  
  89  7:34  Viking  
  89  7:36  SCV  
  94  7:38  SCV  
  94  7:39  SCV  
  94  7:43  Terran Infantry Weapons Level 1  
  95  7:45  Refinery x2  
  95  7:46  Supply Depot  
  95  7:50  Terran Infantry Armor Level 1  
  95  7:52  Marine x2  
  95  7:55  Marauder x2  
  95  7:56  SCV  
  95  7:57  SCV x2  
  95  7:58  Supply Depot  
  104  8:08  SCV, Barracks  
  104  8:09  Supply Depot, Viking  
  104  8:11  Barracks  
  107  8:13  Viking  
  107  8:16  Siege Tank  
  112  8:20  SCV x2  
  112  8:21  SCV  
  112  8:24  Marauder  
  112  8:25  Marauder  
  119  8:32  SCV x2  
  121  8:37  SCV  
  120  8:44  Marine  
  120  8:45  Supply Depot  
  120  8:46  Marauder x2  
  125  8:49  Viking  
  125  8:55  Command Center  
  126  8:56  SCV x2  
  126  9:02  Siege Tank  
  131  9:03  Barracks Tech Lab, Barracks Reactor, Concussive Shells  
  131  9:04  Sensor Tower  
  131  9:09  SCV  
  132  9:12  SCV  
  132  9:13  Starport  
  132  9:14  Starport, Supply Depot  
  132  9:15  Supply Depot, Viking  
  135  9:21  SCV x2  
  137  9:24  SCV  
  137  9:31  Marauder  
  140  9:32  Supply Depot  
  140  9:33  SCV  
  140  9:34  Fusion Core  
  140  9:36  SCV x2  
  143  9:41  Armory  
  143  9:42  Viking  
  143  9:45  SCV, Viking  
  146  9:48  SCV  
  146  9:51  SCV  
  150  9:55  Liberator x2  
  155  10:04  Command Center  
  155  10:05  SCV x2  
  157  10:10  Orbital Command  
  157  10:11  SCV  
  157  10:13  Refinery  
  158  10:14  Supply Depot  
  158  10:15  Refinery  
  158  10:17  SCV  
  158  10:18  SCV  
  158  10:19  Sensor Tower  
  160  10:25  Advanced Ballistics  
  160  10:31  Terran Infantry Weapons Level 2, Terran Infantry Armor Level 2  
  160  10:36  Viking  
  160  10:37  Viking  
  163  10:42  Starport Reactor x2  
  162  10:59  Command Center  
  162  11:00  SCV x2  
  159  11:06  Viking  
  159  11:07  Viking  
  159  11:10  Orbital Command  
  147  11:20  Liberator  
  147  11:23  SCV x3  
  150  11:35  SCV x3  
  150  11:36  Liberator, Marine x2  
  150  11:37  Liberator, Marauder x3, SCV, Marine  
  150  11:38  Liberator  
  150  11:39  Marine  
  154  11:42  Command Center  
  154  11:47  SCV x3  
  154  11:49  SCV  
  154  11:52  Terran Ship Weapons Level 1  
  154  11:53  Siege Tank  
  161  11:54  Marine x3  
  161  11:58  Marauder x2  
  161  11:59  Marauder, Liberator  
  160  12:02  SCV  
  150  12:10  SCV x2  
  150  12:14  Liberator  
  155  12:15  Liberator  
  155  12:18  Liberator  
  155  12:19  SCV x2  
  155  12:20  Marauder  
  165  12:32  Liberator x2  
  165  12:33  Marauder, Marine x2  
  165  12:34  Marauder, Marine x2  
  154  12:39  SCV  
  154  12:41  Marauder  
  157  12:45  Liberator  
  157  12:50  Siege Tank  
  156  12:55  Marauder, Marine x4  
  156  12:56  Marauder, Liberator  
  164  12:59  SCV x3  
  164  13:00  SCV, Orbital Command  
  164  13:02  Marauder  
  164  13:03  Planetary Fortress  
  170  13:11  SCV x3  
  170  13:12  SCV  
  174  13:13  Sensor Tower, Marine x2  
  174  13:16  Viking  
  174  13:17  Marauder x2  
  182  13:23  SCV x2  
  182  13:24  SCV x2  
  182  13:26  Viking x2  
  190  13:31  Armory  
  190  13:35  SCV  
  190  13:36  SCV x2  
  190  13:40  Liberator  
  193  13:43  Liberator  
  193  13:46  Liberator  
  169  13:53  Marauder x3, Marine x3  
  169  13:54  Marine  
  170  14:04  Refinery  
  170  14:05  Refinery  
  170  14:09  Barracks  
  170  14:10  Liberator  
  170  14:12  Liberator  
  170  14:13  Barracks  
  170  14:14  Marauder, Barracks  
  170  14:15  Marauder x2  
  182  14:27  Liberator, Terran Ship Weapons Level 2, Viking  
  182  14:30  Terran Vehicle And Ship Armor Level 1  
  187  14:35  Command Center  
  187  14:37  Siege Tank  
  190  14:45  Liberator  
  190  14:50  Supply Depot  
  190  14:51  Supply Depot  
  190  14:55  Missile Turret  
  190  14:58  Sensor Tower  
  189  15:02  Terran Infantry Armor Level 3  
  189  15:10  Starport  
  189  15:13  Starport  
  184  15:21  Supply Depot  
  184  15:23  Viking  
  184  15:24  Viking x2  
  190  15:37  Liberator x2  
  190  15:39  Liberator  
  162  15:52  Liberator  
  162  15:54  Liberator  
  165  15:59  Barracks Tech Lab x2  
  165  16:00  Barracks Tech Lab  
  165  16:04  Refinery  
  165  16:05  Refinery  
  165  16:06  Command Center  
  165  16:07  Liberator  
  168  16:17  Liberator  
  171  16:19  Liberator  
  174  16:28  Missile Turret  
  174  16:29  Liberator  
  173  16:34  Marauder x5  
  173  16:35  Marauder  
  173  16:39  Orbital Command  
  185  16:41  Supply Depot  
  185  16:43  Liberator  
  185  16:44  Liberator  
  171  17:02  Liberator x2  
  171  17:06  Liberator x2  
  172  17:14  Liberator  
  172  17:15  Marauder, Marine x4  
  178  17:16  Marauder x3  
  181  17:24  Liberator  
  181  17:29  Liberator  
  169  17:36  Marauder x2, Marine  
  169  17:37  Marauder x3, Marine  
  169  17:40  Viking  
  174  17:55  Viking  
  174  17:58  Viking  
  178  18:04  Medivac x2  
  182  18:11  Marine  
  182  18:12  Marauder x2  
  175  18:32  Marine x4  
  175  18:33  Marauder x4, Viking x3  
Tags
 
Composition
Mech
Event
TSL 8
League
Master
Matchup
TvT
Race
Terran
Add a new tag
Caveats
  • Supply blocks, unpowered buildings, or Contaminate may cause inaccurate times.
  • Supply counts are checked every 10 seconds.